 Dungeon Crawl Stone Soup version 0.15-a0-1880-g53e602b (webtiles) character file.

1458 Kenran the Basher (level 8, -2/69 HPs)
             Began as a Gargoyle Fighter on July 5, 2014.
             Was a Believer of Okawaru.
             Killed from afar by an orc wizard (9 damage)
             ... with a puff of flame
             ... on Level 6 of the Dungeon.
             The game lasted 00:16:58 (5785 turns).

Kenran the Basher (Gargoyle Fighter)                Turns: 5785, Time: 00:16:58

HP  -2/69        AC 24     Str 21      XL: 8   Next: 76%
MP   8/8         EV  2     Int 10      God: Okawaru [**....]
Gold 234         SH  9     Dex 14      Spells:  0 memorised,  7 levels left

rFire  . . .     SeeInvis .     a - +1 flail
rCold  . . .     Clarity  .     b - melded +0 scale mail
rNeg   + + +     rCorr    .     c - +0 shield
rPois  +         rRot     +     (no helmet)
rElec  .         Spirit   .     u - melded +0 cloak
SustAb .         Warding  .     j - melded +1 pair of gloves
rMut   .         NoTele   +     (boots currently unavailable)
Gourm  .                        (no amulet)
MR     .....                    (no ring)
                                p - +5 ring of dexterity

@: tree-form, very slightly contaminated, invisible (expiring), not resistant to
hostile enchantments, very unstealthy
A: negative energy resistance 1, (electricity resistance), (unbreathing),
petrification resistance, rot immunity, AC +5
a: Heroism, Renounce Religion


You were on level 6 of the Dungeon.
You worshipped Okawaru.
Okawaru was pleased with you.
You were not hungry.
You were an animated tree.
You visited 2 branches of the dungeon, and saw 7 of its levels.

You collected 234 gold pieces.

Inventory:

Hand weapons
 a - a +1 flail (weapon)
 y - a +1 whip of electrocution
Armour
 b - a +0 scale mail (melded)
 c - a +0 shield (worn)
 j - a +1 pair of gloves (melded)
 u - a +0 cloak (melded)
Magical devices
 m - a wand of disintegration (12) {unknown}
 q - a wand of teleportation (4) {unknown}
Comestibles
 d - 2 bread rations
 k - a meat ration
Scrolls
 g - a scroll of teleportation
 h - a scroll of remove curse
 i - a scroll of amnesia
 o - a scroll of immolation {unknown}
 s - a scroll of fog
 t - a scroll of enchant armour
 w - a scroll of enchant weapon
 x - 2 scrolls of identify
Jewellery
 p - a +5 ring of dexterity (left branch)
Potions
 e - a potion of might
 n - a potion of mutation


   Skills:
 - Level 3.2 Fighting
 + Level 10.6 Maces & Flails
 - Level 3.2 Armour
 - Level 3.2 Shields


You had 7 spell levels left.
You didn't know any spells.

Dungeon Overview and Level Annotations

Branches:
Dungeon (6/15)             Temple (1/1) D:4

Altars:
Cheibriados
Gozag
Kikubaaqudgha
Makhleb
Okawaru
Qazlal
Trog
Vehumet
Yredelemnul
The Shining One

Shops:
D:6 *

Annotations:
D:4 Kenran's ghost, average GrFi
D:5 valor's ghost, experienced GrGl


Innate Abilities, Weirdness & Mutations

You are resistant to torment.
You are immune to poison.
((Your stone body is very resilient (AC +5).))*
You resist negative energy.
((You are resistant to electric shocks.))*
((You can survive without breathing.))*
You are immune to petrification.
You are immune to rotting.


Message History

You swing at nothing.
The jackal barks!
The orc hits you but does no damage.
The crimson imp blinks!
Something hits you but does no damage.
You miss something. The orc hits you but does no damage.
Something hits you but does no damage.
You swing at nothing.
The orc hits you but does no damage.
The crimson imp blinks!
Something hits you but does no damage.
You miss the orc.
The orc is lightly wounded.
You flicker for a moment.
You feel less confused. The orc hits you but does no damage.
Something hits you but does no damage.
You miss something. The orc hits you but does no damage.
You completely miss something. Something hits you but does no damage.
You block the orc's attack.
You miss something.
You hear some strange, mumbled words.
A puff of flame appears from out of thin air!
The puff of flame hits you!
You die...

#.#.#......#####.##
#.#.##.#)###
#.#.#......#####.#
#.#.##.#.........#
#.#.##.#.#######.#
######.#....#.#
#<..........#.##########
######..................
#..###.#♣##########
#..<...#o# ##.#.###.#
#.#.....# #.# ##..# #.#
#.h# #.# #..# #..# ...


You could see an orc and a jackal (wandering).

Vanquished Creatures
  The ghost of Archteshnor the Vexing, an average HuEn (D:3)
  A water moccasin (D:6)
  A sky beast (D:5)
  An ice beast (D:6)
  A centaur (D:6)
  A giant frog (D:6)
  3 scorpions (D:4)
  A crimson imp (D:6)
  4 hounds
  A centaur skeleton (D:6)
  An orc priest (D:6)
  7 worker ants
  3 orc wizards
  Natasha (thrice) (D:3)
  2 iguanas
  A big kobold zombie (D:6)
  6 adders
  A scorpion zombie (D:6)
  A gnoll (D:4)
  A shadow imp (D:6)
  2 worms (D:3)
  A giant mite (D:6)
  An iguana skeleton (D:6)
  3 giant geckos
  17 orcs
  A ball python (D:3)
  A bat skeleton (D:4)
  5 giant cockroaches
  10 hobgoblins
  2 quokkas
  9 bats
  2 giant newts
  A giant newt skeleton (D:5)
  10 goblins
  A jackal (D:6)
  8 kobolds
  An orc skeleton (D:4)
  5 rats
121 creatures vanquished.

Notes
Turn   | Place    | Note
--------------------------------------------------------------
     0 | D:1      | Kenran, the Gargoyle Fighter, began the quest for the Orb.
     0 | D:1      | Reached XP level 1. HP: 14/14 MP: 1/1
   108 | D:1      | Reached XP level 2. HP: 19/19 MP: 2/2
   691 | D:1      | Paralysed by a potion of paralysis for 7 turns
   745 | D:2      | Found a radiant altar of Vehumet.
   747 | D:2      | Found a bloodstained altar of Trog.
   842 | D:2      | Found a stormy altar of Qazlal.
   908 | D:2      | Reached XP level 3. HP: 23/23 MP: 3/3
  1066 | D:2      | Found a stormy altar of Qazlal.
  1154 | D:3      | Noticed Natasha
  1162 | D:3      | Killed Natasha
  1162 | D:3      | Reached skill level 4 in Maces & Flails
  1394 | D:3      | Reached XP level 4. HP: 28/28 MP: 4/4
  1454 | D:3      | Noticed Archteshnor's ghost (average HuEn)
  1824 | D:3      | Killed Archteshnor's ghost
  1824 | D:3      | Reached skill level 5 in Maces & Flails
  1824 | D:3      | Reached XP level 5. HP: 16/32 MP: 5/5
  2298 | D:3      | Noticed Natasha
  2312 | D:3      | Killed Natasha
  2427 | D:3      | Noticed Natasha
  2435 | D:3      | Killed Natasha
  2789 | D:4      | Reached skill level 6 in Maces & Flails
  2851 | D:4      | Reached XP level 6. HP: 32/37 MP: 6/6
  2941 | D:4      | Reached skill level 7 in Maces & Flails
  3166 | D:4      | Reached XP level 7. HP: 34/41 MP: 7/7
  3357 | D:4      | Found an iron altar of Okawaru.
  3358 | D:4      | Found a snail-covered altar of Cheibriados.
  3362 | D:4      | Became a worshipper of Warmaster Okawaru
  3677 | D:4      | Reached skill level 8 in Maces & Flails
  3724 | D:4      | Noticed Kenran's ghost (average GrFi)
  3746 | D:4      | Found a staircase to the Ecumenical Temple.
  3750 | D:5      | Entered Level 5 of the Dungeon
  4073 | D:5      | Noticed valor's ghost (experienced GrGl)
  4433 | Temple   | Entered the Ecumenical Temple
  4611 | D:5      | Found an opulent altar of Gozag.
  4901 | D:6      | Reached skill level 9 in Maces & Flails
  4901 | D:6      | Reached XP level 8. HP: 42/46 MP: 8/8
  5002 | D:6      | Acquired Okawaru's first power
  5509 | D:6      | Reached skill level 10 in Maces & Flails
  5665 | D:6      | Found Sulom's Serpentskin Sales.
  5785 | D:6      | Killed from afar by an orc wizard

Action                   |  1- 3 |  4- 6 |  7- 9 || total
-------------------------+-------+-------+-------++-------
Melee: Flail             |    88 |   158 |   343 ||   589
  Use: Scroll            |     5 |       |     6 ||    11
       Potion            |     4 |       |     5 ||     9
